 Dungeon Crawl Stone Soup version 0.27.1 (webtiles) character file.

Game seed: 5814600352087583937

17851 bnorton916 the Jinx (level 12, -3/66 HPs)
             Began as a Deep Elf Conjurer on Aug 22, 2021.
             Was an Elder of Vehumet.
             Slain by a minotaur (6 damage)
             ... in a Gauntlet.
             The game lasted 00:36:21 (20313 turns).

bnorton916 the Jinx (Deep Elf Conjurer)            Turns: 20313, Time: 00:36:21

Health: -3/66      AC: 11    Str:  5    XL:     12   Next: 22%
Magic:  2/23       EV: 18    Int: 28    God:    Vehumet [****..]
Gold:   867        SH:  0    Dex: 13    Spells: 1/24 levels left

rFire    + + +     SeeInvis +   G - +3 dagger of Hatred {venom, rN++}
rCold    . . .     Faith    .   (no shield)
rNeg     + + .     Spirit   .   N - +2 robe {Will+}
rPois    .         Reflect  .   f - +2 helmet {SInv}
rElec    .         Harm     .   s - +0 cloak
rCorr    .         Rampage  .   R - +0 pair of gloves
Will     ++...     NoTele   +   u - +0 pair of boots of Love and Death {rF+++ Regen+}
Stlth    ++........             g - amulet of the acrobat
HPRegen  1.21/turn              W - +4 ring of evasion
MPRegen  0.18/turn              (no ring)

@: mighty
A: no striking features
a: Renounce Religion


You were in a Gauntlet.
You worshipped Vehumet.
Vehumet was greatly pleased with you.
You visited 3 branches of the dungeon, and saw 16 of its levels.
You also visited: Gauntlet.

You collected 867 gold pieces.

Inventory:

Hand Weapons
 G - the +3 dagger of Hatred (weapon) {venom, rN++}
   (You found it on level 8 of the Dungeon)

   It poisons the flesh of those it strikes.
   rN:        It greatly protects you from negative energy.
 P - the +9 whip "Lomo" {freeze, rPois}
   (You found it on level 8 of the Dungeon)

   It freezes those it strikes, dealing additional cold damage.
   It can also slow down cold-blooded creatures.
   rPois:     It protects you from poison.
Missiles
 c - 511 stones
 k - 15 curare-tipped darts (quivered)
 w - 27 poisoned darts
 L - 3 throwing nets
Armour
 f - a +2 helmet of see invisible (worn)
 s - a +0 cloak (worn)
 u - the +0 pair of boots of Love and Death (worn) {rF+++ Regen+}
   (You found it in a Gauntlet)

   rF:        It renders you almost immune to fire.
   Regen:     It increases your rate of health regeneration.
 B - a +2 tower shield
 H - a scarf of resistance
 N - a +2 robe of willpower (worn)
 R - a +0 pair of gloves (worn)
Magical Staves
 n - a staff of fire
 r - a staff of air
Jewellery
 g - an amulet of the acrobat (around neck)
 h - a ring of fire
 E - a ring of protection from fire
 T - an amulet of reflection
 W - a +4 ring of evasion (left hand)
Wands
 l - a wand of polymorph (30)
 C - a wand of charming (7)
 F - a wand of mindburst (7)
 I - a wand of iceblast (6)
Scrolls
 a - a scroll of summoning
 d - a scroll of enchant armour
 e - 3 scrolls of fog
 i - 3 scrolls of identify
 m - 2 scrolls of blinking
 q - 3 scrolls of amnesia
 A - a scroll of fear
 Z - a scroll of teleportation
Potions
 j - 10 potions of curing {unknown}
 o - 6 potions of lignification
 p - a potion of attraction
 t - 3 potions of heal wounds
 v - a potion of might
 x - 2 potions of berserk rage
 z - a potion of cancellation
 D - 2 potions of mutation
 K - a potion of invisibility
 M - 3 potions of brilliance
 Q - 4 potions of flight
Miscellaneous
 X - a lightning rod (4/4)


   Skills:
 - Level 4.0 Fighting
 - Level 7.8 Bows
 - Level 4.0 Armour
 - Level 6.4 Dodging
 - Level 2.4 Stealth
 - Level 6.6 Spellcasting
 + Level 8.1 Conjurations
 - Level 10.6 Hexes
 - Level 9.0 Translocations
 + Level 8.0 Ice Magic
 + Level 8.0 Earth Magic


You had one spell level left.
You knew the following spells:

 Your Spells              Type           Power      Damage    Failure   Level
a - Magic Dart            Conj           100%       1d8       1%          1
b - Searing Ray           Conj           100%       3d7       1%          2
c - Fulminant Prism       Conj/Hex       29%        3d14      1%          4
d - Iskenderun's Mystic   Conj/Tloc      55%        2d12      1%          4
e - Stone Arrow           Conj/Erth      100%       3d13      1%          3
f - Ozocubu's Armour      Ice            52%        N/A       1%          3
g - Iron Shot             Conj/Erth      26%        9d6       9%          6

Your spell library contained the following spells:

 Spells                   Type           Power      Damage    Failure   Level
 Lightning Bolt           Conj/Air       15%        1d29      9%          5
 Pain                     Necr           36%        1d5       6%          1
 Dazzling Flash           Conj/Hex       100%       N/A       1%          3
 Animate Armour           Summ/Erth      62%        N/A       11%         4
 Ozocubu's Refrigeration  Ice            26%        4d10      41%         7
 Agony                    Necr           9%         N/A       85%         5
 Blade Hands              Tmut           4%         N/A       85%         5
 Excruciating Wounds      Necr           4%         N/A       85%         5
 Malign Gateway           Summ/Tloc      17%        N/A       100%        7
 Summon Horrible Things   Summ           4%         N/A       100%        8


Dungeon Overview and Level Annotations

Branches:
Dungeon (12/15)            Temple (1/1) D:4            Lair (3/6) D:11
 Shoals (0/4) Lair:3          Orc (0/2) D:11        Gauntlet (1/1)
  Snake: Lair:2-4    Spider: Lair:2-4

Altars:
Fedhas
Okawaru
Uskayaw
Vehumet
Zin
The Shining One

Annotations:
D:7 3 runed translucent doors, DemonSlayer's ghost, novice HuBe Gauntlet 6 transporters, exclusion: lightning spire


Message History

Confirm with . or Enter, or press ? or * to list all spells.
You erupt in a blast of force!
The mystic blast hits the minotaur!
The minotaur is moderately wounded.
The minotaur is knocked back by the mystic blast.
Unknown command.
Casting: Iskenderun's Mystic Blast (safe; 1% risk of failure)
Confirm with . or Enter, or press ? or * to list all spells.
Aiming: Searing Ray (safe; 1% risk of failure)
Press: ? - help, Shift-Dir - straight line, f/p - minotaur
Aim: a minotaur, wielding a +0 dagger, wearing a +0 chain mail, wearing a +0 buckler of protection and quivering javelins (moderately wounded, 90% to hit)
The searing ray hits the minotaur.
The minotaur is heavily wounded. (Press . to maintain the ray.)
The searing ray hits the minotaur!
The minotaur is severely wounded.
The searing ray hits the minotaur!
The minotaur is severely wounded.
The searing ray hits the minotaur.
The minotaur is almost dead.
You finish channeling your searing ray.
The minotaur hits you but does no damage.
The minotaur gores you but does no damage.
Casting: Searing Ray (safe; 1% risk of failure)
Confirm with . or Enter, or press ? or * to list all spells.
Okay, then.
Unknown command.
You feel very mighty all of a sudden. The minotaur misses you.
The minotaur closely misses you. The minotaur blocks your attack.
The minotaur is almost dead.
The minotaur hits you with a +0 dagger! The minotaur gores you.
The minotaur blocks your attack.
The minotaur is severely wounded.
The minotaur hits you with a +0 dagger! The minotaur gores you!
You hit the minotaur but do no damage.
The minotaur is severely wounded.
The minotaur hits you with a +0 dagger!!
* * * LOW HITPOINT WARNING * * *
The minotaur gores you.
You die...

#.................#
#.⌠.⌠.⌠.©.©.⌠.⌠.⌠.#
#.................#
#########.#########
#####.# #.....#
#.####### #.#.....#
#.#@###.# #.#H# #.#
#.#.# #.# #.#.# #.#
#.#.. #.# #.#####.#
#.......# #########


You could see a minotaur.

Vanquished Creatures
  A hell hog (Gauntlet)
  A two-headed ogre (D:7)
  An oklob plant (Gauntlet)
  A cyclops (D:11)
  3 centaur zombies
  A black mamba (Lair:1)
  2 large abominations (Gauntlet)
  5 cane toads
  A gargoyle (D:12)
  5 komodo dragons
  A rime drake (Lair:1)
  A polar bear (Lair:1)
  4 trolls
  A hornet (D:10)
  A wyvern (D:9)
  A wraith (D:9)
  2 fire bats (Gauntlet)
  10 yaks
  5 small abominations (Gauntlet)
  A steam dragon (D:10)
  2 basilisks
  6 water moccasins
  An acid dragon (Gauntlet)
  A hell hound (Gauntlet)
  4 ice beasts
  4 orc warriors
  A sky beast (D:6)
  3 black bears
  A necrophage (D:5)
  10 wolves
  2 ogres
  2 centaurs
  2 kobold brigands
  9 bullfrogs
  2 gnoll sergeants
  A wyvern zombie (D:8)
  6 scorpions
  A water moccasin zombie (D:6)
  19 killer bees
  4 wights (D:8)
  4 howler monkeys
  A bullfrog zombie (D:6)
  3 jellies (D:5)
  2 bullfrog skeletons
  2 hounds
  2 centaur skeletons
  5 orc priests
  2 gnoll shamans
  3 iguanas
  5 orc wizards
  A hound skeleton (D:4)
  2 howler monkey zombies
  15 gnolls
  8 adders
  3 white imps
  An ufetubus (D:4)
  A worm (D:4)
  2 dart slugs
  36 orcs
  7 bats
  6 endoplasms
  6 giant cockroaches
  5 goblins
  6 hobgoblins
  3 jackals (D:2)
  3 quokkas
  7 ball pythons
  3 frilled lizards
  18 kobolds
  4 rats
295 creatures vanquished.

Vanquished Creatures (others)
  38 fulminant prisms
  66 fungi
  54 plants
158 creatures vanquished.

Grand Total: 453 creatures vanquished

Notes
Turn   | Place    | Note
-------+----------+-------------------------------------------
     0 | D:1      | bnorton916 the Deep Elf Conjurer began the quest for the
                  | Orb.
     0 | D:1      | Reached XP level 1. HP: 10/10 MP: 6/6
   373 | D:1      | Reached XP level 2. HP: 15/15 MP: 5/8
   845 | D:1      | Found a faded altar of an unknown god.
  1269 | D:2      | Reached skill level 5 in Conjurations
  1269 | D:2      | Reached XP level 3. HP: 19/19 MP: 8/10
  1272 | D:2      | Learned a level 2 spell: Searing Ray
  2375 | D:3      | Reached XP level 4. HP: 24/24 MP: 8/12
  2417 | D:3      | Found a radiant altar of Vehumet.
  2428 | D:3      | Became a worshipper of Vehumet
  2498 | D:3      | Found an iron altar of Okawaru.
  2732 | D:3      | Reached skill level 5 in Spellcasting
  3259 | D:4      | Found a staircase to the Ecumenical Temple.
  3299 | Temple   | Entered the Ecumenical Temple
  3348 | D:4      | Reached XP level 5. HP: 28/28 MP: 8/15
  3548 | D:4      | Found a hide-covered altar of Uskayaw.
  4151 | D:4      | Reached * piety under Vehumet
  4151 | D:4      | Offered knowledge of Shock by Vehumet.
  4152 | D:4      | Reached XP level 6. HP: 32/32 MP: 5/17
  4290 | D:5      | Entered Level 5 of the Dungeon
  4300 | D:5      | Learned a level 4 spell: Fulminant Prism
  4305 | D:5      | Learned a level 4 spell: Iskenderun's Mystic Blast
  4382 | D:5      | Reached skill level 1 in Hexes
  4385 | D:5      | Reached skill level 1 in Translocations
  4575 | D:5      | Reached skill level 2 in Hexes
  4773 | D:5      | Reached skill level 3 in Hexes
  4893 | D:5      | Reached XP level 7. HP: 36/36 MP: 15/18
  5526 | D:5      | Reached skill level 4 in Hexes
  5736 | D:6      | Reached skill level 5 in Hexes
  6089 | D:6      | Reached skill level 6 in Hexes
  6089 | D:6      | Reached skill level 5 in Translocations
  6089 | D:6      | Reached XP level 8. HP: 41/41 MP: 11/19
  6272 | D:6      | Reached skill level 7 in Hexes
  6785 | D:6      | Reached skill level 8 in Hexes
  7292 | D:7      | Noticed DemonSlayer's ghost (novice HuBe)
  7367 | D:7      | Noticed a two-headed ogre
  7379 | D:7      | Killed a two-headed ogre
  7379 | D:7      | Offered knowledge of Freeze by Vehumet.
  7380 | D:7      | Reached skill level 9 in Hexes
  7380 | D:7      | Reached XP level 9. HP: 33/45 MP: 5/20
  7384 | D:7      | Reached ** piety under Vehumet
  7646 | D:7      | Found a runed translucent gate.
  7646 | D:7      | Found a runed translucent gate.
  7646 | D:7      | Found a runed translucent gate.
  7817 | D:7      | Reached skill level 10 in Hexes
  8724 | D:8      | Found a blossoming altar of Fedhas.
  8750 | D:8      | Reached skill level 1 in Fighting
  9195 | D:8      | Identified the +3 dagger of Hatred {venom, rN++}
  9277 | D:8      | Identified the +9 whip "Lomo" {freeze, rPois}
  9294 | D:8      | Found a glowing golden altar of the Shining One.
  9591 | D:8      | Reached skill level 5 in Dodging
  9970 | D:9      | Reached XP level 10. HP: 55/55 MP: 16/21
 10617 | D:9      | Identified the +7 broad axe of Equilibrium {flame, rN+++
                  | Int-3 Dex+4}
 10833 | D:9      | Offered knowledge of Stone Arrow by Vehumet.
 11117 | D:9      | Learned a level 3 spell: Stone Arrow
 11121 | D:9      | Learned a level 3 spell: Ozocubu's Armour
 11263 | D:9      | Reached skill level 1 in Ice Magic
 11268 | D:9      | Reached skill level 1 in Earth Magic
 11806 | D:10     | Entered Level 10 of the Dungeon
 12078 | D:10     | Reached skill level 1 in Armour
 12184 | D:10     | Reached *** piety under Vehumet
 12291 | D:10     | Identified a scroll of acquirement
 12292 | D:10     | Acquired the +10 longbow of Zor Vaas {freeze, Will++ rCorr
                  | Str-2 Dex+2}
 12635 | D:11     | Reached skill level 1 in Bows
 13240 | D:11     | Found a staircase to the Lair.
 13394 | D:11     | Noticed a cyclops
 13405 | D:11     | Offered knowledge of Hailstorm by Vehumet.
 13410 | D:11     | Killed a cyclops
 13411 | D:11     | Reached XP level 11. HP: 61/61 MP: 14/22
 13864 | Lair:1   | Entered Level 1 of the Lair of Beasts
 14027 | D:11     | Found a staircase to the Orcish Mines.
 15040 | D:11     | Reached skill level 5 in Ice Magic
 15040 | D:11     | Reached skill level 5 in Earth Magic
 15667 | D:12     | Reached skill level 5 in Bows
 16332 | Lair:1   | Reached **** piety under Vehumet
 17265 | Lair:1   | Offered knowledge of Lightning Bolt by Vehumet.
 18377 | Lair:2   | Reached XP level 12. HP: 66/66 MP: 13/23
 18384 | Lair:2   | Learned a level 6 spell: Iron Shot
 19242 | Lair:3   | Found a gate leading to a gauntlet.
 19260 | Gauntlet | Entered a Gauntlet
 19260 | Gauntlet | Found a transporter.
 19260 | Gauntlet | Found a transporter.
 19260 | Gauntlet | Found a runed translucent door.
 19262 | Gauntlet | Found a runed translucent door.
 19269 | Gauntlet | Found a transporter.
 19273 | Gauntlet | Found a transporter.
 19306 | Gauntlet | Found a transporter.
 19308 | Gauntlet | Found a transporter.
 19668 | Gauntlet | Found a runed translucent door.
 19669 | Gauntlet | Found a transporter.
 19669 | Gauntlet | Found a transporter.
 19681 | Gauntlet | HP: 1/66 [acid (16)]
 19989 | Gauntlet | Noticed a hell hog
 20159 | Gauntlet | Found a transporter.
 20162 | Gauntlet | Found a transporter.
 20165 | Gauntlet | Identified the +0 pair of boots of Love and Death {rF+++
                  | Regen+}
 20209 | Gauntlet | Found a transporter.
 20214 | Gauntlet | Killed a hell hog
 20237 | Gauntlet | Found a transporter.
 20298 | Gauntlet | Noticed a minotaur
 20313 | Gauntlet | HP: 3/66 [minotaur (20)]
 20313 | Gauntlet | Slain by a minotaur

Illustrated notes

Levels and vault maps discovered:
D:1:      scummos_arrival_checkerplants, layout_loops_ring,
          hellmonk_ecumenical_altar_leap_of_faith, grunt_decor_mini_mirrors,
          solitary_fountain, minmay_domino_2
D:2:      layout_basic, amcnicky_mini_pool_small
D:3:      layout_basic, mainiacjoe_overflow_large_starburst, dk_vineyard_2,
          chequers_serial_rivers_micro_b
D:4:      layout_basic, eat_drink_and_be_merry_uskayaw,
          minmay_temple_entry_glass, grunt_ministairs_9, minivault_5
D:5:      layout_basic
D:6:      layout_basic, hex_large, minmay_fountain_box, corexii_checkpoint_a,
          interstate_on_off
D:7:      layout_loops_ring, gammafunk_ghost_icy
D:8:      layout_basic, lemuel_round_altar, overflow_temple_1_default,
          serial_curves, eino_curves_03, eino_curves_01,
          minmay_misc_feat_encased
D:9:      layout_irregular_city
D:10:     layout_rooms
D:11:     layout_long_grid, due_lair_maze_entry_diamond, hiddenorc1_lemuel,
          kennysheep_generic_room_7
D:12:     layout_roguey, uniq_nessos
Temple:   minmay_crystal_spiral_temple
Lair:1:   layout_big_grid, grunt_megastairs_3
Lair:2:   layout_misc_corridors, eino_small_chamber_without_monster,
          infiniplex_staircase_pool_2, grunt_megastairs_4, serial_bayou_shore_a
Lair:3:   dpeg_oklob_gauntlet, layout_small_grid,
          minmay_shoals_entry_lonely_mermaid, gauntlet_entry_generic,
          uniq_gastronok
Gauntlet: minmay_gauntlet_77_indecision [minmay_gauntlet_arena_77_mess,
          minmay_gauntlet_arena_77_shame_cube,
          minmay_gauntlet_arena_77_broken_ladder, minmay_gauntlet_arena_77_path,
          minmay_gauntlet_arena_77_two_paths, minmay_gauntlet_arena_77_mirror,
          gauntlet_exit_spiral]

Skill      XL: |  1  2  3  4  5  6  7  8  9 10 11 12 |
---------------+-------------------------------------+-----
Spellcasting   | 4 5 6 |  6.6
Conjurations   | 5 6 7 8 |  8.1
Hexes          | 3 6 9 10 | 10.6
Translocations | 2 5 8 9 |  9.0
Fighting       | 2 4 |  4.0
Dodging        | 5 6 |  6.4
Ice Magic      | 4 7 8 |  8.0
Earth Magic    | 4 7 8 |  8.0
Armour         | 2 4 |  4.0
Bows           | 3 7 |  7.8
Stealth        | |  2.4

Action                   |  1- 3 |  4- 6 |  7- 9 | 10-12 || total
-------------------------+-------+-------+-------+-------++-------
Melee: Dagger            |       |       |       |    25 ||    25
       Whip              |       |       |       |     1 ||     1
Throw: Dart              |       |     1 |       |       ||     1
 Cast: Magic Dart        |    87 |    88 |    88 |   124 ||   387
       Searing Ray       |     1 |    10 |    44 |    78 ||   133
       Fulminant Prism   |       |       |     6 |    32 ||    38
       Iskenderun's Myst |       |       |     5 |    44 ||    49
       Ozocubu's Armour  |       |       |       |     1 ||     1
       Iron Shot         |       |       |       |     1 ||     1
       Stone Arrow       |       |       |       |     1 ||     1
Evoke: Wand              |       |       |       |     1 ||     1
  Use: Scroll            |       |     5 |     7 |    16 ||    28
       Potion            |       |       |       |     2 ||     2
Armor: Robe              |     3 |     1 |     7 |    28 ||    39
Dodge: Dodged            |     4 |    13 |    58 |   199 ||   274
